 Dungeon Sprint DCSS version 0.29.1-15-g9cfb28693d (webtiles) character file.

Game seed: 7720909733838307290

600 Groucho the Sluggish Naga (level 7, -23/69 HPs)
             Began as a Naga Fighter on Apr 7, 2023.
             Was an Initiate of Cheibriados.
             Annihilated by a two-headed ogre
             ... wielding a +0 giant club
              (25 damage)
             ... in the Dungeon (Sprint IX: "|||||||||||||||||||||||||||||").
             The game lasted 00:01:43 (1023 turns).

Groucho the Sluggish Naga (Naga Fighter)            Turns: 1023, Time: 00:01:44

Health: -23/69     AC:  8    Str: 19    XL:     7   Next: 41%
Magic:  10/13      EV: 13    Int: 10    God:    Cheibriados [......]
Gold:   0          SH:  5    Dex: 13    Spells: 6/6 levels left

rFire   . . .      SeeInvis +   l - +3 war axe (vorpal)
rCold   . . .      Faith    .   c - +0 buckler
rNeg    . . .      Spirit   .   m - +1 scale mail
rPois   +          Reflect  .   (no helmet)
rElec   .          Harm     .   a - +0 cloak
rCorr   .          Rampage  .   (no gloves)
Will    .....      NoTele   +   (no barding)
Stlth   ..........              (no amulet)
HPRegen 0.21/turn               b - +2 ring of evasion
MPRegen 0.13/turn               n - +2 ring of evasion

@: invisible (expiring), very slow
A: AC +2, large, see invisible, deformed body, poison resistance, slowness 2,
spit poison 1, naga tail 1
a: Spit Poison, Renounce Religion


You were in the Dungeon.
You worshipped Cheibriados.
Cheibriados was noncommittal.
You visited 1 branch

Inventory:

Hand Weapons
 l - a +3 vorpal war axe (weapon)
Armour
 a - a +0 cloak (worn)
 c - a +0 buckler (worn)
 m - a +1 scale mail (worn)
Jewellery
 b - a +2 ring of evasion (left hand)
 n - a +2 ring of evasion (right hand)
Wands
 k - a wand of quicksilver (10)
Scrolls
 i - 2 scrolls of amnesia
 j - 2 scrolls of blinking
Potions
 d - a potion of might
 e - 5 potions of curing
 f - a potion of heal wounds
 h - 4 potions of magic


   Skills:
 + Level 6.2 Fighting
 * Level 8.2 Axes
 + Level 5.1 Armour
 + Level 4.3 Dodging
 + Level 5.7 Shields
 * Level 8.5 Invocations


You had 6 spell levels left.
You didn't know any spells.
Your spell library was empty.

Dungeon Overview and Level Annotations

Branches:
Dungeon (1/1)

Altars:
Cheibriados
Dithmenos
Elyvilon
Fedhas
Gozag
Hepliaklqana
Kikubaaqudgha
Makhleb
Nemelex Xobeh
Okawaru
Qazlal
Ru
Sif Muna
Trog
Uskayaw
Vehumet
Wu Jian
Xom
Yredelemnul
Zin
The Shining One
Jiyva
Lugonu


Innate Abilities, Weirdness & Mutations

Your serpentine skin is tough. (AC +2)
You have supernaturally acute eyesight. (SInv)
Armour fits poorly on your strangely shaped body.
Your system is resistant to poisons. (rPois)
You cover ground very slowly.
You can spit poison.
You have a snake-like lower body.


Message History

The kobold brigand throws a poisoned dart.
The poisoned dart completely misses the unseen horror.
The poisoned dart hits the two-headed ogre!
The two-headed ogre is poisoned.
Your Fighting skill increases to level 6!
Your Axes skill increases to level 8!
Your Armour skill increases to level 5!
Your Invocations skill increases to level 8!
You slash the two-headed ogre!
The two-headed ogre is moderately wounded.
The two-headed ogre hits you with a +0 giant club!!
* * * LOW HITPOINT WARNING * * *
The two-headed ogre barely misses you.
You feel much better.
The two-headed ogre hits you with a +0 giant club!!
* * * LOW HITPOINT WARNING * * *
The two-headed ogre misses you.
You feel much better.
The kobold brigand throws a poisoned dart.
The poisoned dart closely misses the unseen horror.
The poisoned dart barely misses the two-headed ogre.
The poisoned dart misses you.
Unknown command.
You hit the two-headed ogre.
The two-headed ogre is moderately wounded.
The two-headed ogre hits you with a +0 giant club.
The two-headed ogre closely misses you.
Unknown command.
You slash the two-headed ogre!
The two-headed ogre is heavily wounded.
You flicker for a moment.
The two-headed ogre misses you.
The two-headed ogre hits you with a +0 giant club!!
* * * LOW HITPOINT WARNING * * *
Unknown command.
Unknown command.
You hit the two-headed ogre.
The two-headed ogre is heavily wounded.
You block the two-headed ogre's attack.
The two-headed ogre hits you with a +0 giant club!!
You die...

▓+▓
▓.▓
▓.▓
▓.▓
▓K▓
▓x▓
▓O▓
▓@▓
▓.▓
▓.▓
▓[▓
▓[▓
▓.▓
▓.▓
▓)▓
▓.▓


You could see a two-headed ogre (unable to see you, very poisoned), an unseen
horror (invisible, poisoned) and a kobold brigand (unable to see you).

Vanquished Creatures
  A gargoyle (D)
  A wyvern (D)
  An ogre (D)
  2 hounds (D)
  An adder (D)
  An ufetubus (D)
  2 bats (D)
  2 goblins (D)
  A kobold (D)
12 creatures vanquished.

Vanquished Creatures (others)
  A killer bee (D)
1 creature vanquished.

Grand Total: 13 creatures vanquished

Notes
Turn   | Place    | Note
-------+----------+-------------------------------------------
     0 | D        | Groucho the Naga Fighter began the quest for the Orb.
     0 | D        | Reached XP level 1. HP: 21/21 MP: 1/1
    12 | D        | Reached skill level 1 in Invocations
   324 | D        | Noticed an ogre
   324 | D        | Noticed a hound
   324 | D        | Noticed a hound
   329 | D        | Killed a hound
   330 | D        | Reached skill level 1 in Dodging
   330 | D        | Reached XP level 2. HP: 27/30 MP: 2/4
   330 | D        | Reached XP level 3. HP: 32/36 MP: 2/5
   346 | D        | Reached XP level 4. HP: 16/44 MP: 3/7
   347 | D        | HP: 1/66 [ogre/+0 giant club (15)]
   349 | D        | Killed an ogre
   350 | D        | Reached skill level 5 in Axes
   350 | D        | Reached skill level 5 in Invocations
   350 | D        | Reached XP level 5. HP: 2/51 MP: 3/9
   936 | D        | Found a snail-covered altar of Cheibriados.
   936 | D        | Found a shadowy altar of Dithmenos.
   936 | D        | Found a white marble altar of Elyvilon.
   936 | D        | Found a blossoming altar of Fedhas.
   936 | D        | Found an opulent altar of Gozag.
   937 | D        | Found a hazy altar of Hepliaklqana.
   938 | D        | Found a viscous altar of Jiyva.
   939 | D        | Found an ancient bone altar of Kikubaaqudgha.
   940 | D        | Became a worshipper of Cheibriados the Contemplative
   941 | D        | Found a corrupted altar of Lugonu.
   942 | D        | Found a burning altar of Makhleb.
   943 | D        | Found a sparkling altar of Nemelex Xobeh.
   944 | D        | Found an iron altar of Okawaru.
   945 | D        | Found a stormy altar of Qazlal.
   946 | D        | Found a sacrificial altar of Ru.
   947 | D        | Found a shimmering blue altar of Sif Muna.
   948 | D        | Found a bloodstained altar of Trog.
   949 | D        | Found a hide-covered altar of Uskayaw.
   950 | D        | Found a radiant altar of Vehumet.
   951 | D        | Found an ornate altar of the Wu Jian Council.
   952 | D        | Found a shimmering altar of Xom.
   953 | D        | Found a basalt altar of Yredelemnul.
   954 | D        | Found a glowing silver altar of Zin.
   955 | D        | Found a glowing golden altar of the Shining One.
  1005 | D        | Noticed a kobold brigand
  1005 | D        | Noticed an unseen horror
  1005 | D        | Noticed a two-headed ogre
  1005 | D        | Noticed a wyvern
  1005 | D        | Noticed a gargoyle
  1013 | D        | Killed a gargoyle
  1014 | D        | Reached skill level 5 in Fighting
  1014 | D        | Reached skill level 5 in Shields
  1014 | D        | Reached XP level 6. HP: 51/62 MP: 9/11
  1014 | D        | Reached XP level 7. HP: 56/68 MP: 9/12
  1017 | D        | Killed a wyvern
  1018 | D        | Reached skill level 5 in Armour
  1019 | D        | HP: 3/69 [two-headed ogre/+0 giant club (28)]
  1023 | D        | Annihilated by a two-headed ogre

Illustrated notes

Levels and vault maps discovered:
D:        linesprint [early_d, line_temple, items_1, d_10, items_2, lair_1,
          lair_end, items_3, orc_1, orc_end, items_4, d_15, swamp_1, shoals_1,
          snake_1, spider_1, d_20, vaults_1, items_5, swamp_end, shoals_end,
          snake_end, spider_end, vaults_end, d_27, items_6, zot_1, zot_end,
          crypt_end, forest_end, elf_end, slime_end, tomb_end, abyss_end,
          pan_hell_end]

Skill      XL: |  1  2  3  4  5  6  7 |
---------------+----------------------+-----
Invocations    | 3 4 5 7 8 |  8.5
Axes           | 3 4 5 7 8 |  8.2
Armour         | 3 4 5 |  5.1
Dodging        | 1 2 4 |  4.3
Shields        | 3 4 5 |  5.7
Fighting       | 4 5 6 |  6.2

Action                   |  1- 3 |  4- 6 |  7- 9 || total
-------------------------+-------+-------+-------++-------
Melee: War axe           |    43 |    11 |     8 ||    62
  Use: Potion            |     2 |     1 |     2 ||     5
 Stab: Invisible         |       |     1 |     2 ||     3
Armor: Scale mail        |    28 |       |       ||    28
Dodge: Dodged            |    19 |     3 |     7 ||    29
Block: Buckler           |     8 |     2 |     3 ||    13
